 Dungeon Crawl Stone Soup version 0.28-a0-265-g048bc9fd10 (webtiles) character file.

Game seed: 5793172556122075355

82 Saint the Sneak (level 4, -5/32 HPs)
             Began as a Gnoll Enchanter on Aug 27, 2021.
             Killed by nerve-wracking pain
             ... invoked by an orc priest
              (14 damage)
             ... on level 3 of the Dungeon.
             The game lasted 00:07:08 (2586 turns).

Saint the Sneak (Gnoll Enchanter)                   Turns: 2586, Time: 00:07:09

Health: -5/32      AC:  2    Str:  8    XL:     4   Next: 43%
Magic:  1/11       EV: 13    Int: 15    God:
Gold:   111        SH:  0    Dex: 12    Spells: 5/13 levels left

rFire   . . .      SeeInvis .   a - +2 dagger (speed)
rCold   . . .      Faith    .   (no shield)
rNeg    . . .      Spirit   .   b - +0 robe
rPois   .          Reflect  .   (no helmet)
rElec   .          Harm     .   (no cloak)
rCorr   .          Rampage  .   (no gloves)
Will    .....                   (no boots)
Stlth   +++.......              (no amulet)
HPRegen 0.10/turn               (no ring)
MPRegen 0.12/turn               (no ring)

@: very slightly contaminated
A: fangs 1, strong nose, distributed training
a: no special abilities


You were on level 3 of the Dungeon.
You visited 1 branch of the dungeon, and saw 3 of its levels.

You collected 111 gold pieces.

Inventory:

Hand Weapons
 a - a +2 dagger of speed (weapon)
   (You took it off a kobold on level 1 of the Dungeon)
Missiles
 n - 13 poisoned darts
 s - 56 stones (quivered)
Armour
 b - a +0 robe (worn)
 m - a +0 cloak
   (You found it on level 2 of the Dungeon)
Magical Staves
 l - a staff of conjuration
   (You found it on level 2 of the Dungeon)
Scrolls
 c - 2 scrolls of magic mapping {unknown}
 e - 2 scrolls of identify {unknown}
 f - a scroll of fog {unknown}
 g - a scroll of immolation {unknown}
 i - a scroll of enchant weapon {unknown}
 j - a scroll of vulnerability {unknown}
 Y - 2 scrolls of teleportation {@r3}
Potions
 k - a potion of ambrosia {unknown}
 I - a potion of invisibility
 N - 2 potions of heal wounds {@q2}


   Skills:
 + Level 1.1 Fighting
 + Level 2.7 Short Blades
 + Level 1.1 Long Blades
 + Level 1.1 Axes
 + Level 1.1 Maces & Flails
 + Level 1.1 Polearms
 + Level 1.1 Staves
 + Level 1.1 Slings
 + Level 1.1 Bows
 + Level 1.1 Crossbows
 + Level 1.1 Throwing
 + Level 1.1 Armour
 + Level 4.6 Dodging
 + Level 6.0 Stealth
 + Level 1.1 Shields
 + Level 1.1 Unarmed Combat
 + Level 5.1 Spellcasting
 + Level 0.9 Conjurations
 + Level 5.4 Hexes
 + Level 0.9 Summonings
 + Level 0.9 Necromancy
 + Level 0.9 Translocations
 + Level 0.9 Transmutations
 + Level 0.9 Fire Magic
 + Level 0.9 Ice Magic
 + Level 0.9 Air Magic
 + Level 0.9 Earth Magic
 + Level 0.9 Poison Magic
 + Level 1.2 Invocations
 + Level 1.1 Evocations


You had 5 spell levels left.
You knew the following spells:

 Your Spells              Type           Power      Damage    Failure   Level
a - Ensorcelled Hibernat  Hex/Ice        26%        N/A       7%          2
b - Confusing Touch       Hex            20%        N/A       4%          3
c - Tukima's Dance        Hex            20%        N/A       4%          3

Your spell library contained the following spells:

 Spells                   Type           Power      Damage    Failure   Level
 Dazzling Flash           Conj/Hex       26%        N/A       13%         3


Dungeon Overview and Level Annotations

Branches:
Dungeon (3/15)

Altars:


Innate Abilities, Weirdness & Mutations

You have very sharp teeth.
Your uncanny sense of smell can sniff out nearby items.
Your experience applies equally to all skills.


Message History

As you read the scroll labelled CONO OFEESK, it crumbles to dust.
You feel strangely unstable.
It was a scroll of teleportation.
Y - 2 scrolls of teleportation Something barely misses the orc.
Your surroundings suddenly seem different.
A giant cockroach comes into view.
Health restored: 32; MP restored: 11 The helpless giant cockroach fails to defend itself.
You impale the giant cockroach!!
You kill the giant cockroach!
An orc comes into view. It is wielding a +0 flail.
The orc shouts!
You hear a shout!
An orc is nearby!
You hit the orc. The orc closely misses you.
You hit the orc. The orc hits you with a +0 flail.
You take 4 damage, and have 28/32 hp.
You hit the orc.
You kill the orc!
Things that are here:
a +0 flail; an orc corpse An orc comes into view.
It is wielding a +0 club.
An orc is nearby!
The orc closely misses you.
You hit the orc. The orc hits you but does no damage.
You hit the orc.
Aim: an orc, wielding a +0 club (severely wounded, chance to affect: 62%)
The orc looks drowsy...
You now have 9/11 mp.
The helpless orc fails to defend itself.
You impale the orc!!
You kill the orc!
Things that are here:
a +0 club; an orc corpse
Found a stone staircase leading down.
Health restored: 32; MP restored: 11 A worm comes into view.
An orc priest comes into view. It is wielding a +0 short sword.
An orc priest and an orc wizard come into view.
Aim: a worm (chance to affect: 52%)
The worm resists with significant effort.
You now have 9/11 mp.
You hit the worm. You bite the worm, but do no damage. The worm misses you.
Aim: a worm (lightly wounded, chance to affect: 52%)
The worm looks drowsy...
You now have 7/11 mp.
The helpless worm fails to defend itself.
You impale the worm!!
You kill the worm!
You see here a worm corpse.
There is a stone staircase leading down here.
The orc wizard shouts!
MP restored: 11
There are monsters nearby!
There are monsters nearby!
There is a stone staircase leading down here.
You see here a worm corpse.
You start waiting.
Done waiting.
You see here a worm corpse.
The orc priest shouts!
The orc priest looks encouraged for a moment.
Aim: an orc priest, wielding a +0 short sword (chance to affect: 44%)
The orc priest resists with some effort.
You now have 9/11 mp.
You hit the orc priest.
The orc priest mumbles some strange prayers to Beogh against you.
Beogh smites you!
You take 13 damage, and have 19/32 hp.
MASSIVE DAMAGE!!
Aim: an orc priest, wielding a +0 short sword (lightly wounded, chance to affect: 44%)
You miscast Ensorcelled Hibernation.
You are very lightly contaminated with residual magic.
Nothing appears to happen.
The orc priest mumbles some strange prayers to Beogh against you.
Pain shoots through your body!
You take 3 damage, and have 16/32 hp.
You now have 7/11 mp.
Aim: an orc priest, wielding a +0 short sword (lightly wounded, chance to affect: 44%)
You miscast Ensorcelled Hibernation.
Nothing appears to happen.
The orc priest barely misses you.
You now have 5/11 mp.
Aim: an orc priest, wielding a +0 short sword (lightly wounded, chance to affect: 44%)
The orc priest resists with some effort.
The orc priest hits you with a +0 short sword!
* * * LOW HITPOINT WARNING * * *
You take 7 damage, and have 9/32 hp.
MASSIVE DAMAGE!!
You now have 3/11 mp.
Unknown command.
Aim: an orc priest, wielding a +0 short sword (lightly wounded, chance to affect: 44%)
The orc priest resists with some effort.
The orc priest looks braver for a moment.
You now have 1/11 mp.
Unknown command.
You completely miss the orc priest.
Okay, then.
You closely miss the orc priest.
The orc priest invokes the aid of Beogh against you.
Pain shoots through your body!
You die...

##### ###### ##...##
#####.....
#.###.#######..##.####
#.# #........#..#.# #
#.###†#####.###...# #
##...## #.## ##..# #
##.## ##.###)### #
####.#### ##.#.## #
#>...o@.# ##).# #
#.##.##.# ##+# # ∆
#.##.##.# # #.##.##.#
#.##o...# ∆ #o##....#
### .......... +..
#.......### ###
###...... #


You could see an orc priest.

Vanquished Creatures
  An adder skeleton (D:2)
  3 worms
  2 dart slugs
  3 orcs (D:3)
  6 ball pythons
  2 bats
  6 endoplasms
  7 giant cockroaches
  2 goblins (D:2)
  5 hobgoblins
  4 jackals (D:2)
  3 quokkas (D:2)
  2 frilled lizards (D:2)
  6 kobolds
  4 rats
56 creatures vanquished.

Notes
Turn   | Place    | Note
-------+----------+-------------------------------------------
     0 | D:1      | Saint the Gnoll Enchanter began the quest for the Orb.
     0 | D:1      | Reached XP level 1. HP: 13/13 MP: 6/6
   205 | D:1      | Reached XP level 2. HP: 18/19 MP: 7/7
   208 | D:1      | Learned a level 2 spell: Ensorcelled Hibernation
   723 | D:1      | Reached XP level 3. HP: 25/25 MP: 9/9
   825 | D:2      | Found a faded altar of an unknown god.
   875 | D:2      | Reached skill level 5 in Spellcasting
  1014 | D:2      | Reached skill level 6 in Stealth
  1296 | D:2      | Reached skill level 1 in Invocations
  1419 | D:2      | Learned a level 3 spell: Confusing Touch
  1423 | D:2      | Learned a level 3 spell: Tukima's Dance
  1563 | D:2      | Reached skill level 1 in Fighting
  1563 | D:2      | Reached skill level 1 in Long Blades
  1563 | D:2      | Reached skill level 1 in Axes
  1563 | D:2      | Reached skill level 1 in Maces & Flails
  1563 | D:2      | Reached skill level 1 in Polearms
  1563 | D:2      | Reached skill level 1 in Staves
  1563 | D:2      | Reached skill level 1 in Slings
  1563 | D:2      | Reached skill level 1 in Bows
  1563 | D:2      | Reached skill level 1 in Crossbows
  1563 | D:2      | Reached skill level 1 in Throwing
  1563 | D:2      | Reached skill level 1 in Armour
  1563 | D:2      | Reached skill level 1 in Shields
  1563 | D:2      | Reached skill level 1 in Unarmed Combat
  1563 | D:2      | Reached skill level 1 in Evocations
  1743 | D:2      | Reached XP level 4. HP: 27/32 MP: 8/11
  2168 | D:3      | HP: 5/32 [orc priest/divine providence (11)]
  2586 | D:3      | Killed from afar by an orc priest

Illustrated notes

Levels and vault maps discovered:
D:1:      dpeg_arrival_windows_large_door, layout_basic
D:2:      kb_forest_paths, layout_basic, shapermc_ecumenical_altar_venn
D:3:      layout_loops_corners, minmay_misc_feat_rugged, uniq_sigmund

Skill      XL: |  1  2  3 |
---------------+----------+-----
Spellcasting   | 5 |  5.1
Stealth        | 6 |  6.0
Invocations    | 1 |  1.2
Fighting       | 1 |  1.1
Long Blades    | 1 |  1.1
Axes           | 1 |  1.1
Maces & Flails | 1 |  1.1
Polearms       | 1 |  1.1
Staves         | 1 |  1.1
Slings         | 1 |  1.1
Bows           | 1 |  1.1
Crossbows      | 1 |  1.1
Throwing       | 1 |  1.1
Armour         | 1 |  1.1
Shields        | 1 |  1.1
Unarmed Combat | 1 |  1.1
Evocations     | 1 |  1.1
Short Blades   | |  2.7
Dodging        | |  4.6
Conjurations   | |  0.9
Hexes          | |  5.4
Summonings     | |  0.9
Necromancy     | |  0.9
Translocations | |  0.9
Transmutations | |  0.9
Fire Magic     | |  0.9
Ice Magic      | |  0.9
Air Magic      | |  0.9
Earth Magic    | |  0.9
Poison Magic   | |  0.9

Action                   |  1- 3 |  4- 6 || total
-------------------------+-------+-------++-------
Melee: Dagger            |   113 |    65 ||   178
       Bite              |     7 |     7 ||    14
Throw: Stone             |    10 |       ||    10
 Cast: Ensorcelled Hiber |    16 |    10 ||    26
       Confusing Touch   |       |     2 ||     2
  Use: Potion            |       |     2 ||     2
       Scroll            |       |     1 ||     1
 Stab: Sleeping          |    22 |     5 ||    27
       Confused          |       |     1 ||     1
Armor: Robe              |    17 |     8 ||    25
Dodge: Dodged            |    58 |    31 ||    89

Table legend: (Time is in decaauts)
 A = Elapsed time spent in this place.
 B = Non-inter-level travel time spent in this place.
 C = Inter-level travel time spent in this place.
 D = Time resting spent in this place.
 E = Time spent auto-exploring this place.
 F = Levels seen in this place.
 G = Mean time per level.
                   A        B        C        D        E       F      G
               +--------+--------+--------+--------+--------+-----+--------+
         Total |   2512 |   2470 |     42 |    100 |   1859 |   3 |  837.3 |
       Dungeon |   2512 |   2470 |     42 |    100 |   1859 |   3 |  837.3 |
               +--------+--------+--------+--------+--------+-----+--------+

Top non-repeatable levels by time:
     D:2: 1281 daAuts
     D:1: 793 daAuts
     D:3: 437 daAuts

Table legend:
 A = Kills in this place as a percentage of kills in entire the game.
 B = Kills by you in this place as a percentage of kills by you in the entire game.
 C = Kills by friends in this place as a percentage of kills by friends in the entire game.
 D = Other kills in this place as a percentage of other kills in the entire game.
 E = Experience gained in this place as a percentage of experience gained in the entire game.
 F = Experience gained in this place divided by the number of levels of this place that you have seen.
                   A       B       C       D       E      F
               +-------+-------+-------+-------+-------+----------------------
         Total | 100.0 | 100.0 |   N/A |   N/A | 100.0 |  39.3
       Dungeon | 100.0 | 100.0 |   N/A |   N/A | 100.0 |  39.3
               +-------+-------+-------+-------+-------+----------------------
